 Dungeon Crawl Stone Soup version 0.31-a0-175-g9f7f995f2b (webtiles) character file.

Game seed: 17100613577616066559

925 Anon1729 the Trooper (level 7, 0/63 HPs)
             Began as a Minotaur Monk on June 16, 2023.
             Slain by an ice beast (11 damage)
             ... on level 5 of the Dungeon.
             The game lasted 00:03:02 (5062 turns).

Anon1729 the Trooper (Minotaur Monk)                Turns: 5062, Time: 00:03:03

Health: 0/63       AC:  3    Str: 15    XL:     7   Next: 84%
Magic:  8/8        EV: 16    Int:  7    God:
Gold:   238        SH:  0    Dex: 21    Spells: 6/6 levels left

rFire   . . .        a - +0 short sword
rCold   . . .        d - orb {light}
rNeg    . . .        b - +0 robe
rPois   .            (helmet restricted)
rElec   .            t - +0 cloak
rCorr   .            (no gloves)
SInv    .            (no boots)
Will    +....        (no amulet)
Stlth   +            k - +6 ring of dexterity
HPRegen 0.30/turn    j - ring of willpower
MPRegen 0.11/turn

%: no passive effects
@: glowing
A: horns 2, retaliatory headbutt
a: no special abilities


You were on level 5 of the Dungeon.
You visited 2 branches of the dungeon, and saw 6 of its levels.

You collected 238 gold pieces.

Inventory:

Hand Weapons
 a - a +0 short sword (weapon)
Missiles
 r - 2 throwing nets
Armour
 b - a +0 robe (worn)
 d - an orb of light (worn)
 t - a +0 cloak (worn)
Jewellery
 j - a ring of willpower (right hand)
 k - a +6 ring of dexterity (left hand)
 p - a ring of magical power
Wands
 v - a wand of mindburst (9)
 x - a wand of light (5)
Scrolls
 e - 7 scrolls of identify {unknown}
 i - 2 scrolls of blinking {unknown}
 l - a scroll of immolation {unknown}
 n - 3 scrolls of poison {unknown}
 o - 2 scrolls of enchant weapon {unknown}
 q - a scroll of amnesia {unknown}
 s - a scroll of silence {unknown}
 w - 2 scrolls of teleportation {unknown}
Potions
 c - a potion of ambrosia
 f - a potion of curing {unknown}
 g - a potion of degeneration {unknown}
 h - 2 potions of enlightenment {unknown}
 m - a potion of might {unknown}
 u - a potion of attraction {unknown}


   Skills:
 + Level 6.0 Fighting
 + Level 5.4 Short Blades
 + Level 4.5 Armour
 + Level 5.5 Dodging
 + Level 3.7 Invocations


You had 6 spell levels left.
You didn't know any spells.
Your spell library contained the following spells:

 Spells                   Type           Power      Damage    Failure   Level
 Beastly Appendage        Tmut           0%         N/A       43%         1
 Summon Small Mammal      Summ           0%         N/A       43%         1
 Wereblood                Tmut           0%         N/A       56%         2
 Call Canine Familiar     Summ           0%         N/A       80%         3
 Spider Form              Tmut/Pois      0%         N/A       80%         3
 Summon Guardian Golem    Hex/Summ       0%         N/A       80%         3


Dungeon Overview and Level Annotations

Branches:
Dungeon (5/15)             Temple (1/1) D:4

Altars:
Ashenzari
Cheibriados
Dithmenos
Gozag
Kikubaaqudgha
Makhleb
Nemelex Xobeh
Okawaru
Qazlal
Ru
Trog
Wu Jian
Xom
Yredelemnul
The Shining One

Annotations:
D:5 1 runed translucent door, Sermion's ghost, novice DsBe


Innate Abilities, Weirdness & Mutations

You have a pair of horns on your head.
You reflexively headbutt those who attack you in melee.


Message History

You hit the iguana.
The iguana is almost dead.
You hit the iguana.
You kill the iguana!
The ice beast hits you. The ice beast freezes you!
You are too injured to fight recklessly!
You are too injured to fight recklessly!
You are too injured to fight recklessly!
You are too injured to fight recklessly!
You are too injured to fight recklessly!
You are too injured to fight recklessly!
You are too injured to fight recklessly!
You are too injured to fight recklessly!
You are too injured to fight recklessly!
You are too injured to fight recklessly!
You are too injured to fight recklessly!
You are too injured to fight recklessly!
You hit the ice beast but do no damage.
You headbutt the ice beast, but do no damage.
The ice beast closely misses you. You furiously retaliate!
You headbutt the ice beast! You hit the ice beast.
Your headbutt misses the ice beast.
The ice beast is heavily wounded.
The ice beast hits you but does no damage.
You hit the ice beast but do no damage.
You headbutt the ice beast, but do no damage.
The ice beast is heavily wounded.
You hit the ice beast but do no damage. You headbutt the ice beast.
The ice beast is severely wounded.
The ice beast barely misses you.
You hit the ice beast.
The ice beast is severely wounded.
The ice beast hits you. The ice beast freezes you!
* * * LOW HITPOINT WARNING * * *
You hit the ice beast.
The ice beast is almost dead.
The ice beast hits you.
* * * LOW HITPOINT WARNING * * *
The ice beast freezes you!
You die...

##..## ##...........##.## #.# #.#
.#### #...#........#...###.###.#
...# #...##.....#.#............
Y.## ##+####......#...#.....#.#
..# #.~.##......<.............
Ol### #.W.#.....................
....####.~.##.....#.####..#...##.
..O....#.~.#..............#......
.##.####.[.#####@.#.####.###.....
.##.# ###†Y#.# #.# ##....
.##Y##########....#.# ##.#######.
.##.l.O..O.##....##.# #..........
.#########.##...O##.# #..........
.# #.##....##.# #.########. l#
#.O........# #.# #. .#
##....<....># #.# #.
.########..........####.# #.


You could see an ice beast and an ogre.

Vanquished Creatures
  Grinder (D:5)
  A centaur (D:5)
  2 scorpions (D:5)
  4 hounds
  2 orc priests (D:5)
  3 iguanas (D:5)
  A sleepcap (D:5)
  4 orc wizards (D:5)
  Robin (D:2)
  6 adders
  2 ufetubi
  A worm (D:2)
  3 dart slugs
  4 orcs
  7 ball pythons
  8 bats
  3 endoplasms
  2 giant cockroaches (D:1)
  15 goblins
  6 hobgoblins
  A jackal (D:5)
  7 kobolds
  2 quokkas (D:5)
  6 frilled lizards
  7 rats
99 creatures vanquished.

Notes
Turn   | Place    | Note
-------+----------+-------------------------------------------
     0 | D:1      | Anon1729 the Minotaur Monk began the quest for the Orb.
     0 | D:1      | Reached XP level 1. HP: 19/19 MP: 0/0
   224 | D:1      | Reached XP level 2. HP: 24/27 MP: 1/1
   371 | D:1      | Reached skill level 1 in Armour
   905 | D:2      | Reached skill level 1 in Invocations
   919 | D:1      | Reached skill level 4 in Fighting
   919 | D:1      | Reached XP level 3. HP: 13/33 MP: 2/2
  1207 | D:2      | Noticed Robin
  1225 | D:2      | Killed Robin
  1226 | D:2      | Reached XP level 4. HP: 24/40 MP: 2/4
  2595 | D:4      | Found a staircase to the Ecumenical Temple.
  2595 | D:4      | You fall into a shaft and drop 1 floor!
  2595 | D:5      | Entered Level 5 of the Dungeon
  2641 | D:5      | Noticed Grinder
  2660 | D:5      | Noticed a centaur
  2668 | D:5      | Killed a centaur
  2669 | D:5      | Reached XP level 5. HP: 23/47 MP: 5/5
  2785 | Temple   | Entered the Ecumenical Temple
  3479 | D:4      | Found an iron altar of Okawaru.
  3537 | D:4      | Reached XP level 6. HP: 55/55 MP: 6/6
  3867 | D:5      | Paralysed by Grinder for 3 turns
  3877 | D:5      | Killed Grinder
  3878 | D:5      | Reached skill level 5 in Fighting
  4079 | D:5      | Reached XP level 7. HP: 61/61 MP: 8/8
  4137 | D:5      | Found a runed translucent door.
  4340 | D:5      | Noticed Sermion's ghost (novice DsBe)
  4437 | D:5      | HP: 3/61 [orc priest/divine providence (15)]
  4444 | D:5      | Reached skill level 5 in Short Blades
  4444 | D:5      | Reached skill level 5 in Dodging
  4851 | D:5      | Reached skill level 6 in Fighting
  5062 | D:5      | Slain by an ice beast

Illustrated notes

Levels and vault maps discovered:
D:1:      ldierk_walled_garden_2, layout_loops_corners, hangedman_glass_garden
D:2:      layout_loops_cross, uniq_robin
D:3:      layout_basic, serial_corexii_hall, chequers_hall_statues_y,
          chequers_hall_statues_wall_a, corexii_hall_statues_i,
          chequers_hall_statues_y, nicolae_concentric_dashed_squares_mild
D:4:      layout_loops_corners, kennysheep_okawaru_gauntlet,
          minmay_temple_entry_water_ring
D:5:      minmay_bubble_buster, layout_loops_ring,
          ebering_ghost_reflecting_pool, uniq_grinder
Temple:   eino_narrow_crystal_temple

Skill      XL: |  1  2  3  4  5  6  7 |
---------------+----------------------+-----
Armour         | 1 2 3 4 |  4.5
Invocations    | 1 2 3 |  3.7
Fighting       | 4 5 6 |  6.0
Short Blades   | 4 5 |  5.4
Dodging        | 4 5 |  5.5

Action                     |  1- 3 |  4- 6 |  7- 9 || total
---------------------------+-------+-------+-------++-------
  Melee: Short sword       |    86 |    99 |    65 ||   250
         Headbutt          |    19 |    18 |    27 ||    64
  Evoke: Wand              |       |     4 |     3 ||     7
   Stab: Sleeping          |       |     1 |       ||     1
 Armour: Robe              |    14 |    19 |     6 ||    39
  Dodge: Dodged            |    57 |    78 |    38 ||   173

Table legend: (Time is in decaauts)
 A = Elapsed time spent in this place.
 B = Non-inter-level travel time spent in this place.
 C = Inter-level travel time spent in this place.
 D = Time resting spent in this place.
 E = Time spent auto-exploring this place.
 F = Levels seen in this place.
 G = Mean time per level.
                   A        B        C        D        E       F      G
               +--------+--------+--------+--------+--------+-----+--------+
         Total |   5023 |   4762 |    261 |    436 |   3668 |   6 |  837.2 |
       Dungeon |   4806 |   4558 |    248 |    436 |   3471 |   5 |  961.2 |
        Temple |    216 |    203 |     13 |      0 |    197 |   1 |  216.0 |
               +--------+--------+--------+--------+--------+-----+--------+

Top non-repeatable levels by time:
     D:4: 1282 daAuts
     D:1: 980 daAuts
     D:5: 952 daAuts
     D:2: 820 daAuts
     D:3: 771 daAuts
  Temple: 216 daAuts
